AoeStats
← Cherfe Unai

Lombardia

509514097Analyzed
2v2 RM · 5d ago on Sep 27, 2026· 35m 40s· 4 players
Game mode
Random Map
Map size
Medium (4 player)
Population
200
Speed
Normal
Resources
Standard
Victory
Conquest
Starting age
Dark Age
Ending age
Imperial Age
RankedLock teamsTeams togetherTeam positionsShared explorationLock speedFull tech treeHidden civsTurbo modeCheats
Victory
Defeat
🇦🇷 Inca · Argentina
1070
+15
🇬🇧 Dravidians · United Kingdom
1044
+16
🇨🇦 Varangians · Canada
1066
-17
🇨🇦 Mongols · Canada
1016
-14
Lagolas
10:38 Feudal Age
14:24 Castle Age
13:26 Double-Bit Axe
14:43 Pikeman
14:49 Pikeman
15:34 Fletching
17:04 Loom
17:11 Gold Mining
21:28 Bodkin Arrow
24:12 Padded Archer Armor
30:57 Leather Archer Armor
34:10 Ballistics
35:31 Wheelbarrow
Cherfe Unai
6:58 Loom
8:19 Loom
11:07 Feudal Age
15:43 Castle Age
13:41 Double-Bit Axe
16:19 Horse Collar
19:35 Gold Mining
20:29 Scale Mail Armor
21:20 Bow Saw
22:01 Heavy Plow
21:56 Champi Runner
22:54 Champi Warrior
23:36 Squires
24:44 Gold Shaft Mining
24:56 Chain Mail Armor
24:47 Arson
25:43 Forging
27:26 Iron Casting
Karibou
7:39 Loom
9:25 Feudal Age
11:27 Double-Bit Axe
12:04 Scale Barding Armor
11:56 Horse Collar
12:36 Forging
14:19 Wheelbarrow
16:24 Bloodlines
22:25 Castle Age
20:52 Fletching
21:23 Padded Archer Armor
23:44 Leather Archer Armor
23:43 Thumb Ring
23:57 Bodkin Arrow
24:06 Gold Mining
27:30 Husbandry
29:31 Hand Cart
30:43 Ballistics
Beaster
7:04 Loom
9:31 Feudal Age
10:19 Double-Bit Axe
13:34 Horse Collar
18:39 Castle Age
18:00 Scale Barding Armor
18:13 Bloodlines
19:29 Wheelbarrow
18:44 Town Watch
19:11 Fletching
20:58 Gold Mining
21:33 Elite Skirmisher
27:24 Bodkin Arrow
27:34 Padded Archer Armor
28:16 Ballistics
32:48 Leather Archer Armor
Connection lost

Rejoining the realm…

Still unreachable

The connection could not be restored.

Session expired

The server has moved on; the page needs a fresh start.